 Dungeon Crawl Stone Soup version 0.31-a0-187-gba352fbbf7 (webtiles) character file.

Game seed: 11420359236085714236

79 qw the Shooter (level 4, -3/25 HPs)
             Began as a Deep Elf Hunter on June 22, 2023.
             Slain by a goblin
             ... wielding a +0 dagger
             ... led by Robin
              (5 damage)
             ... on level 2 of the Dungeon.
             The game lasted 00:00:18 (956 turns).

qw the Shooter (Deep Elf Hunter)                     Turns: 956, Time: 00:00:19

Health: -3/25      AC:  4    Str: 10    XL:     4   Next: 16%
Magic:  6/6        EV: 12    Int: 14    God:
Gold:   135        SH:  0    Dex: 18    Spells: 3/3 levels left

rFire   . . .        Y - +0 shortbow
rCold   . . .        (shield currently unavailable)
rNeg    . . .        c - +0 leather armour
rPois   .            (no helmet)
rElec   .            (no cloak)
rCorr   .            d - +0 pair of gloves
SInv    .            (no boots)
Will    .....        (no amulet)
Stlth   ++           (no ring)
HPRegen 0.24/turn    (no ring)
MPRegen 0.10/turn

%: no passive effects
@: no status effects
A: no striking features
a: no special abilities


You were on level 2 of the Dungeon.
You visited 1 branch of the dungeon, and saw 2 of its levels.

You collected 135 gold pieces.


   Skills:
 - Level 1.5 Fighting
 + Level 7.6 Ranged Weapons
 - Level 2.4 Dodging
 - Level 1.2 Stealth


You had 3 spell levels left.
You didn't know any spells.
Your spell library was empty.

Inventory:

Hand Weapons
 Y - a +0 shortbow (weapon)
Armour
 b - the +3 ring mail of Temperance {Dex+5 Stlth-}
   (You found it on level 2 of the Dungeon)

   Dex:       It affects your dexterity (+5).
   Stlth:     It makes you less stealthy.
 c - a +0 leather armour (worn)
 d - a +0 pair of gloves (worn)
Jewellery
 a - a +6 ring of strength
Scrolls
 e - a scroll of silence {unknown}
 f - a scroll of identify {unknown}
 g - a scroll of brand weapon {unknown}

Dungeon Overview and Level Annotations

Branches:
Dungeon (2/15)

Altars:

Annotations:
D:2 Robin


Message History

The goblin hits you but does no damage.
Robin roars a battlecry!
The goblins go into a battle-frenzy!
You shoot an arrow. The arrow barely misses the goblin.
The goblin hits you with a +0 club. The goblin barely misses you.
A goblin comes into view. It is wielding a +0 dagger.
The goblin hits you with a +0 dagger. The goblin completely misses you.
You shoot an arrow. The arrow barely misses the goblin.
The goblin shouts!
The arrow hits the goblin.
You kill the goblin!
The goblin closely misses you. The goblin barely misses you.
Robin throws the goblin at you! The goblin closely misses you.
The goblin hits you but does no damage. x2
You shoot an arrow. The arrow closely misses the goblin.
The goblin barely misses you.
A hobgoblin comes into view.
The goblin hits you with a +0 club. The goblin barely misses you.
The goblin closely misses you.
The goblin hits you but does no damage. x3
The goblin barely misses you. x2; The goblin hits you with a +0 club.
You shoot an arrow. The arrow closely misses the goblin.
An adder comes into view.
The goblin hits you with a +0 dagger.
The goblin hits you but does no damage. x2
The goblin misses you. The goblin hits you with a +0 dagger.
Robin roars a battlecry!
The goblin goes into a battle-frenzy!
You shoot an arrow. The adder hisses angrily.
The arrow hits the goblin.
The goblin is almost dead.
The goblin misses you. The goblin closely misses you.
The goblin barely misses you. x2; The goblin hits you with a +0 dagger.
You shoot an arrow. The arrow barely misses the goblin.
The goblin closely misses you. The goblin hits you with a +0 club.
The goblin hits you but does no damage. The goblin closely misses you.
The goblin barely misses you.
You shoot an arrow. The arrow barely misses the goblin.
The arrow hits Robin but does no damage.
The goblin hits you with a +0 dagger.
You die...

# #.## ######.###
#.##.####.........
#...............##
#######..............
..#.....###......###
#.#..##.# #.........
#.#.###.# ###.##....
#.g.# #.# #.######
##g@# #.# ##.######
#ggg#... #........
##ggg... ##.##....
#gSg... #.##.##.
##...$..# #.##.##.
)....## #.......
..#### ####.##. ..#
#.##. .....


You could see Robin, an adder, a hobgoblin (strong) and 8 goblins.

Vanquished Creatures
  Natasha (twice) (D:2)
  2 dart slugs (D:1)
  A ball python (D:2)
  2 endoplasms (D:2)
  A giant cockroach (D:2)
  8 goblins
  A hobgoblin (D:2)
  3 jackals (D:1)
  A bat (D:2)
  A frilled lizard (D:1)
  A kobold (D:1)
  A rat (D:1)
24 creatures vanquished.

Notes
Turn   | Place    | Note
-------+----------+-------------------------------------------
     0 | D:1      | qw the Deep Elf Hunter began the quest for the Orb.
     0 | D:1      | Reached XP level 1. HP: 12/12 MP: 3/3
     0 | D:1      | 0 ||| qw: Version: 0.3-a-9-g12657ce
     0 | D:1      | 0 ||| qw: Game counter: 2634
     0 | D:1      | 0 ||| qw: Always use a shield: true
     0 | D:1      | 0 ||| qw: God list: Okawaru
     0 | D:1      | 0 ||| qw: Allow faded altars: false
     0 | D:1      | 0 ||| qw: Do Orc after D:15 true
     0 | D:1      | 0 ||| qw: Do second Lair branch before Depths: true
     0 | D:1      | 0 ||| qw: Lair rune preference: random
     0 | D:1      | 0 ||| qw: Plans: Normal
     0 | D:1      | 0 ||| PLANNING D:1-11
   294 | D:1      | Reached skill level 6 in Ranged Weapons
   294 | D:1      | Reached XP level 2. HP: 16/16 MP: 4/4
   479 | D:1      | 479 ||| UPGRADING to +0 pair of gloves.
   484 | D:1      | 484 ||| READING scroll labelled MASEUD VUORRI.
   485 | D:1      | 485 ||| READING scroll labelled NAAWKU HI SUYS.
   486 | D:1      | 486 ||| DROPPING scroll of butterflies.
   595 | D:2      | Identified the +3 ring mail of Temperance {Dex+5 Stlth-}
   709 | D:2      | Noticed Natasha
   714 | D:2      | Killed Natasha
   715 | D:2      | Reached skill level 7 in Ranged Weapons
   715 | D:2      | Reached XP level 3. HP: 20/20 MP: 5/5
   905 | D:2      | Noticed Natasha
   907 | D:2      | Killed Natasha
   908 | D:2      | Reached XP level 4. HP: 25/25 MP: 6/6
   945 | D:2      | Noticed Robin
   954 | D:2      | HP: 4/25 [goblin/+0 dagger[Robin] (5)]
   956 | D:2      | Slain by a goblin

Levels and vault maps discovered:
D:1:      saegor_arrival_miasma, layout_rooms
D:2:      minmay_kobold_bridge, layout_loops_ring, minmay_misc_feat_five,
          minmay_goblin_outpost, uniq_natasha, uniq_robin

Skill      XL: |  1  2 |
---------------+-------+-----
Ranged Weapons | 6 7 |  7.6
Fighting       | |  1.5
Dodging        | |  2.4
Stealth        | |  1.2

Action                     |  1- 3 |  4- 6 || total
---------------------------+-------+-------++-------
   Fire: Shortbow          |    58 |    14 ||    72
    Use: Scroll            |     2 |       ||     2
 Armour: Leather armour    |       |    12 ||    12
  Dodge: Dodged            |     4 |    23 ||    27

Table legend:
 A = Non-vault XP
 B = Vault XP
 C = Vault XP percentage of total XP
 D = Non-vault monster count
 E = Vault monster count
 F = Vault count percentage of total count
                 A         B        C        D         E       F
            +---------+---------+-------+---------+---------+-------
      Total |      72 |      41 |  36.3 |      20 |       4 |  16.7
            +---------+---------+-------+---------+---------+-------
        D:1 |      24 |       0 |   0.0 |      12 |       0 |   0.0
        D:2 |      48 |      41 |  46.1 |       8 |       4 |  33.3
            +---------+---------+-------+---------+---------+-------
